 Dungeon Crawl Stone Soup version 0.24.0-13-gcf9b319 (webtiles) character file.

Game seed: 13580620230808734041, levelgen mode: deterministic

87100 estrumekk the Spear-Bearer (level 15, -15/109 HPs)
             Began as a Demonspawn Gladiator on Apr 20, 2020.
             Was a High Priest of Hepliaklqana.
             Killed from afar by an ice dragon (28 damage)
             ... with a blast of cold
             ... on level 1 of the Pits of Slime on Apr 21, 2020.
             The game lasted 05:15:11 (27389 turns).

estrumekk the Spear-Bearer (Demonspawn Gladiator)  Turns: 27389, Time: 05:15:12

Health: -15/109    AC: 20    Str: 21    XL:     15   Next: 42%
Magic:  0/17       EV: 11    Int: 12    God:    Hepliaklqana [*****.]
Gold:   247        SH:  0    Dex: 14    Spells: 14/14 levels left

rFire    . . .     SeeInvis .   a - +3 spear (pierce)
rCold    . . .     Gourm    .   (no shield)
rNeg     . . .     Faith    .   q - +4 chain mail
rPois    .         Spirit   +   w - +2 hat {MR+}
rElec    .         Reflect  .   r - +1 cloak
rCorr    +         Harm     +   (no gloves)
MR       ++...                  (boots unavailable)
Stlth    ..........             F - amulet of harm
HPRegen  0.28/turn              P - ring of resist corrosion
MPRegen  0.30/turn              W - +2 ring of strength

@: hasted and slowed
A: reduced essence, antennae 1, claws 2, talons 3, spiny 2, magic shield, magic
regeneration
a: Recall Ancestor, Ancestor Identity, Transference, Idealise, Renounce Religion


You were on level 1 of the Pits of Slime.
You worshipped Hepliaklqana.
Hepliaklqana was extremely pleased with you.
You were not hungry.

You visited 5 branches of the dungeon, and saw 21 of its levels.
You also visited: Sewer, Ossuary and Ice Cave.

You collected 1398 gold pieces.
You spent 1151 gold pieces at shops.

Inventory:

Hand Weapons
 a - a +3 spear of piercing (weapon)
 c - a +4 spear of venom
 y - a +3 halberd of protection
Missiles
 t - 2 atropa-tipped darts
 S - 72 poisoned darts (quivered)
Armour
 g - a +2 helmet
 q - a +4 chain mail (worn)
 r - a +1 cloak (worn)
 w - a +2 hat of magic resistance (worn)
 Q - the +2 scale mail of Cocytus {rCorr}
   (You found it on level 7 of the Dungeon)

   It provides partial protection from all sources of acid and corrosion.
Jewellery
 p - an uncursed amulet of faith
 u - an uncursed ring of protection from cold
 v - an uncursed ring of positive energy
 E - an uncursed ring of protection from fire
 F - an amulet of harm (around neck)
 M - an uncursed amulet of the gourmand
 O - an uncursed ring of protection from cold
 P - a ring of resist corrosion (left claw)
 W - a +2 ring of strength (right claw)
 Z - a +3 ring of dexterity
Wands
 o - a wand of paralysis (9)
 s - a wand of iceblast (9)
 J - a wand of flame (51)
 K - a wand of polymorph (3)
 N - a wand of acid (8)
 R - a wand of random effects (16)
 V - a wand of enslavement (1)
 X - a wand of disintegration (12)
Scrolls
 b - 2 scrolls of magic mapping
 d - 3 scrolls of immolation
 e - 3 scrolls of fog
 h - 9 scrolls of teleportation
 k - 6 scrolls of remove curse
 m - 2 scrolls of enchant armour
 z - 2 scrolls of fear
 T - a scroll of summoning
 Y - a scroll of brand weapon
Potions
 i - 2 potions of brilliance
 l - 2 potions of curing
 n - 3 potions of might
 A - 5 potions of flight
 B - a potion of invisibility
 C - 2 potions of agility
 G - 2 potions of berserk rage
 I - 2 potions of haste
 L - 2 potions of ambrosia
 U - a potion of cancellation {unknown}
Miscellaneous
 j - a box of beasts
Comestibles
 f - 29 rations


   Skills:
 * Level 12.9 Fighting
   Level 9.3(13.1) Axes
 + Level 14.7(15.6) Polearms
 + Level 3.4 Throwing
 * Level 12.2 Armour
 + Level 5.0 Dodging
 + Level 6.0 Stealth
 + Level 0.6 Invocations
 + Level 2.8 Evocations


You had 14 spell levels left.
You didn't know any spells.
Your spell library contained the following spells:

 Spells                   Type           Power        Failure   Level  Hunger
 Animate Skeleton         Necr           N/A          88%         1    ##.....
 Corona                   Hex            #......      88%         1    ##.....
 Freeze                   Ice            #...         88%         1    ##.....
 Pain                     Necr           #...         88%         1    ##.....
 Shock                    Conj/Air       #...         88%         1    ##.....
 Poisonous Vapours        Pois/Air       #.....       96%         2    ###....
 Slow                     Hex            #.......     96%         2    ###....
 Swiftness                Chrm/Air       #.......     96%         2    ###....
 Throw Frost              Conj/Ice       #.....       96%         2    ###....
 Conjure Flame            Conj/Fire      #.......     99%         3    ####...
 Inner Flame              Hex/Fire       #.......     99%         3    ####...
 Mephitic Cloud           Conj/Pois/Air  #.......     99%         3    ####...
 Ozocubu's Armour         Chrm/Ice       #.......     99%         3    ####...
 Portal Projectile        Hex/Tloc       #.....       99%         3    ####...
 Regeneration             Chrm/Necr      #.........   99%         3    ####...
 Static Discharge         Conj/Air       #.......     99%         3    ####...
 Vampiric Draining        Necr           #.........   99%         3    ####...
 Airstrike                Air            #.........   100%        4    #####..
 Animate Dead             Necr           N/A          100%        4    #####..
 Cause Fear               Hex            #.........   100%        4    #####..
 Ice Form                 Ice/Tmut       #.......     100%        4    #####..
 Leda's Liquefaction      Hex/Erth       #.........   100%        4    #####..
 Summon Ice Beast         Ice/Summ       #.......     100%        4    #####..
 Throw Icicle             Conj/Ice       #.......     100%        4    #####..
 Lightning Bolt           Conj/Air       #.........   100%        5    ######.
 Metabolic Englaciation   Hex/Ice        #.........   100%        5    ######.
 Bolt of Cold             Conj/Ice       #.........   100%        6    #######
 Freezing Cloud           Conj/Ice/Air   #.........   100%        6    #######
 Ozocubu's Refrigeration  Ice            #.........   100%        6    #######
 Simulacrum               Ice/Necr       #.........   100%        6    #######
 Ring of Flames           Chrm/Fire      #.........   100%        7    #######


Dungeon Overview and Level Annotations

Branches:
Dungeon (11/15)            Temple (1/1) D:6            Lair (6/6) D:11
  Swamp (0/4) Lair:2        Snake (2/4) Lair:4        Slime (1/5) Lair:6
  Sewer (visited)         Ossuary (visited)           IceCv (visited)
    Orc: D:9-12

Altars:
Ashenzari
Cheibriados
Dithmenos
Elyvilon
Fedhas
Gozag
Hepliaklqana
Kikubaaqudgha
Makhleb
Nemelex Xobeh
Okawaru
Qazlal
Ru
Sif Muna
Trog
Uskayaw
Vehumet
Wu Jian
Xom
Yredelemnul
Zin
The Shining One

Shops:
D:6 !   D:8 :   Snake:1 ==}

Annotations:
Snake:2 3 runed translucent doors


Innate Abilities, Weirdness & Mutations

You have a pair of small antennae on your head.
You have very sharp fingernails.
You have claws for feet.
You are mostly covered in sharp spines.
When hurt, damage is shared between your health and your magic reserves.
You regenerate magic rapidly.
Your life essence is reduced to manifest your ancestor. (-10% HP)


Message History

Aim: a large slime creature (severely wounded, inner flame, chance to defeat MR: 36%)
The large slime creature easily resists.
Evoke which item? (* to show all) (? for menu, Esc to quit)
Aiming: Enslavement
Press: ? - help, Shift-Dir - straight line, f/p - large slime creature
Aim: a large slime creature (severely wounded, inner flame, chance to defeat MR: 36%)
The large slime creature easily resists.
Evoke which item? (* to show all) (? for menu, Esc to quit)
Aiming: Polymorph
Press: ? - help, Shift-Dir - straight line, f/p - large slime creature
Aim: a large slime creature (severely wounded, inner flame, chance to defeat MR: 36%)
A large slime creature splits.
The slime creature evaporates and reforms as an ice dragon!
The slime creature evaporates and reforms as a torpor snail!
The walls burn the ice dragon!
Being near the torpor snail leaves you feeling lethargic.
The wall burns the ice dragon!
The ice dragon breathes frost at you. The blast of cold hits you!!
You die...

#...# ### ####...##..##
##...........# #.......#...#.
########............
####.#.#.##............
##.#........D............##
##.. #........J..w...@.......
.##....
##......................
....... ##..J###........#.....#
....... #....#
#.....#.###...###.......
#...J####.#.##J.#.....#........
.#...JJ# ##.................#
...J..G## ##.#......<......#
.#......# ##..............#
..##J...# ....#.....#..##


You could see an acid blob, an ice dragon, a slime creature and a torpor snail.

Vanquished Creatures
  An acid blob (Slime:1)
  A frost giant (IceCv)
  2 naga warriors (Snake:1)
  3 hydras
  An anaconda (Snake:1)
  3 two-headed ogres
  4 death yaks (Lair:5)
  4 shock serpents
  3 naga sharpshooters
  A sea snake (Snake:1)
  2 unseen horrors (D:10)
  A naga ritualist (Snake:2)
  8 mana vipers
  The ghost of CQueso the Carver, a novice FoFi of Ru (D:6)
  4 oklob plants (Lair:6)
  An ugly thing (D:11)
  2 salamanders (Snake:2)
  16 elephants
  15 black mambas
  An ice statue (IceCv)
  4 naga magi
  Joseph (D:10)
  A torpor snail (Lair:5)
  16 spiny frogs
  2 komodo dragons
  A rime drake (Lair:5)
  2 ice devils (Lair:4)
  2 trolls (D:11)
  17 polar bears
  4 tyrant leeches
  5 hippogriffs
  Prince Ribbit (D:5)
  3 slime creatures (Slime:1)
  19 blink frogs
  4 dream sheep (Lair:6)
  A wyvern (Lair:6)
  34 yaks
  Eustachio (D:6)
  A fire elemental (Lair:6)
  3 hogs (D:7)
  A human (D:7)
  A shadow (D:11)
  A wraith (D:11)
  A basilisk (Lair:6)
  Menkaure (D:5)
  6 vampire mosquitoes (Lair:6)
  A hungry ghost (D:7)
  8 nagas
  A swamp worm (Lair:2)
  15 water moccasins
  2 orc warriors
  6 porcupines
  An eye of draining (Slime:1)
  4 ice beasts
  A sky beast (D:7)
  2 black bears
  2 phantoms
  2 ogres
  18 wolves
  5 centaurs
  An elf zombie (Ossuary)
  11 crocodiles
  21 bullfrogs
  A gnoll sergeant (D:5)
  A wyvern zombie (D:7)
  A hexer (Lair:6)
  A scorpion (Lair:1)
  12 killer bees
  3 howler monkeys
  5 electric eels
  2 crimson imps
  3 centaur zombies (Ossuary)
  A lava snake (Lair:6)
  5 orc priests
  A jelly (D:7)
  4 gnoll shamans
  6 quasits
  14 hounds
  A centaur skeleton (D:8)
  Terence (D:3)
  3 iguanas
  7 orc wizards
  7 worker ants
  2 big kobold zombies (Ossuary)
  A mummy (Ossuary)
  A hound skeleton (D:8)
  A howler monkey zombie (D:7)
  A worker ant zombie (D:8)
  14 gnolls
  17 adders
  A hound simulacrum (D:9)
  2 shadow imps (D:7)
  2 white imps (D:9)
  4 oozes
  2 adder skeletons (D:5)
  2 adder zombies (Ossuary)
  3 worms (Sewer)
  4 dart slugs
  4 leopard geckos
  28 orcs
  7 giant cockroaches
  5 hobgoblins
  15 jackals
  4 quokkas
  3 ball pythons
  13 bats
  8 frilled lizards
  3 goblins
  A goblin zombie (D:8)
  10 hobgoblin zombies (Ossuary)
  2 jackal zombies (Ossuary)
  6 kobolds
  8 kobold zombies (Ossuary)
  5 orc zombies (Ossuary)
  A quokka simulacrum (D:9)
  A quokka skeleton (D:6)
  6 rats
  2 rat zombies
576 creatures vanquished.

Vanquished Creatures (collateral kills)
  A death ooze (Slime:1)
  A hydra (Lair:6)
  2 two-headed ogres
  An anaconda (Snake:2)
  A death yak (Lair:5)
  The ghost of Carbaradys the Basher, a novice DsWn of Hepliaklqana (D:9)
  A shock serpent (Snake:1)
  An unseen horror (D:10)
  2 elephants (Lair:5)
  5 black mambas
  6 spiny frogs
  A blink frog (Lair:6)
  2 tyrant leeches
  3 polar bears (IceCv)
  2 dream sheep (Lair:6)
  4 hippogriffs
  Grum (D:5)
  A wyvern (D:9)
  A hungry ghost (D:8)
  3 yaks
  2 basilisks
  A naga (Snake:1)
  4 water moccasins
  An orc warrior (D:8)
  2 ice beasts
  A wolf (IceCv)
  A centaur (D:8)
  5 crocodiles
  2 bullfrogs (Lair:6)
  A gnoll sergeant (D:5)
  A scorpion (D:5)
  2 killer bees (D:7)
  5 electric eels
  2 crimson imps
  A jelly (D:8)
  7 hounds
  A bullfrog skeleton (D:11)
  2 iguanas (D:5)
  A worker ant (D:11)
  A killer bee zombie (D:8)
  A hound skeleton (D:7)
  A mummy (Ossuary)
  6 gnolls
  2 adders
  A shadow imp (D:5)
  3 oozes (Sewer)
  An adder zombie (D:6)
  An adder simulacrum (D:9)
  2 leopard geckos (Sewer)
  9 orcs
  A ball python (D:6)
  4 giant cockroaches
  A hobgoblin (D:3)
  6 jackals
  A frilled lizard (D:3)
  A goblin (D:3)
  A hobgoblin zombie (Ossuary)
  2 orc zombies (Ossuary)
  A quokka zombie (D:5)
  2 rats
130 creatures vanquished.

Vanquished Creatures (others)
  21 hexers
  2 ancestors (D:3)
  9 fungi (Lair:6)
  61 plants
93 creatures vanquished.

Grand Total: 799 creatures vanquished

Notes
Turn   | Place    | Note
-------+----------+-------------------------------------------
     0 | D:1      | estrumekk the Demonspawn Gladiator began the quest for the
                  | Orb.
     0 | D:1      | Reached XP level 1. HP: 16/16 MP: 1/1
   340 | D:1      | Gained mutation: When hurt, damage is shared between your
                  | health and your magic reserves. [demonic ancestry]
   340 | D:1      | Reached XP level 2. HP: 21/22 MP: 2/2
   766 | D:1      | Gained mutation: You have sharp toenails. [demonic
                  | ancestry]
   766 | D:1      | Reached XP level 3. HP: 23/27 MP: 3/3
  1435 | D:2      | HP: 1/28 [poisoned by an adder]
  1714 | D:2      | Reached skill level 1 in Armour
  1762 | D:2      | Found a hazy altar of Hepliaklqana.
  1763 | D:2      | Found a burning altar of Makhleb.
  1774 | D:2      | Became a worshipper of Hepliaklqana the Forgotten
  1803 | D:2      | Gained mutation: You are partially covered in sharp spines.
                  | [demonic ancestry]
  1803 | D:2      | Reached XP level 4. HP: 22/30 MP: 2/4
  2117 | D:3      | Found a stormy altar of Qazlal.
  2236 | D:3      | Gained mutation: You regenerate magic rapidly. [demonic
                  | ancestry]
  2236 | D:3      | Reached XP level 5. HP: 29/35 MP: 3/5
  2239 | D:3      | Noticed Terence
  2247 | D:3      | Killed Terence
  2378 | D:3      | Noticed an ice beast
  2393 | D:3      | Killed an ice beast
  2393 | D:3      | Gained mutation: You have sharp fingernails. [demonic
                  | ancestry]
  2393 | D:3      | Reached XP level 6. HP: 14/42 MP: 2/6
  3121 | D:4      | Reached * piety under Hepliaklqana
  3134 | D:4      | Reached skill level 5 in Axes
  3170 | D:4      | Found a shattered altar of Ashenzari.
  3300 | D:4      | Gained mutation: You have razor-sharp toenails. [demonic
                  | ancestry]
  3300 | D:4      | Reached XP level 7. HP: 23/46 MP: 4/7
  3722 | D:4      | Reached ** piety under Hepliaklqana
  3723 | D:4      | Remembered your ancestor grandma as a hexer
  3870 | D:5      | Entered Level 5 of the Dungeon
  3870 | D:5      | Noticed Menkaure
  3879 | D:5      | Killed Menkaure
  3879 | D:5      | Reached skill level 1 in Stealth
  4050 | D:5      | Gained mutation: You have a pair of small antennae on your
                  | head. [demonic ancestry]
  4050 | D:5      | Reached XP level 8. HP: 52/54 MP: 8/8
  4116 | D:5      | Found a sacrificial altar of Ru.
  4282 | D:5      | Noticed Prince Ribbit
  4295 | D:5      | Killed Prince Ribbit
  4374 | D:5      | Noticed Grum
  4381 | D:5      | Killed Grum
  4381 | D:5      | Reached skill level 5 in Fighting
  4674 | D:5      | Reached XP level 9. HP: 47/61 MP: 9/9
  4843 | D:6      | Found a radiant altar of Vehumet.
  4874 | D:6      | Reached *** piety under Hepliaklqana
  4963 | D:6      | Found a glowing drain.
  4974 | Sewer    | Entered a sewer
  5635 | Sewer    | Reached skill level 1 in Polearms
  5833 | D:6      | Found a staircase to the Ecumenical Temple.
  5851 | Temple   | Entered the Ecumenical Temple
  5893 | D:6      | Found Imear Xirergh's Distillery.
  5905 | D:6      | Bought 2 potions of heal wounds for 130 gold pieces
  5905 | D:6      | Bought a potion of might for 52 gold pieces
  5905 | D:6      | Bought a potion of heal wounds for 65 gold pieces
  5905 | D:6      | Bought a potion of might for 52 gold pieces
  5905 | D:6      | Bought 2 potions of curing for 78 gold pieces
  5976 | D:6      | Found a transporter.
  5980 | D:6      | Noticed CQueso's ghost (novice FoFi)
  5990 | D:6      | Found a transporter.
  5995 | D:6      | Reached skill level 2 in Polearms
  6007 | D:6      | Killed CQueso's ghost
  6007 | D:6      | Reached skill level 3 in Polearms
  6007 | D:6      | Reached skill level 5 in Armour
  6314 | D:6      | Found a glowing golden altar of the Shining One.
  6550 | D:6      | Reached skill level 4 in Polearms
  6599 | D:6      | You fall into a shaft and drop 3 floors!
  6599 | D:9      | Reached **** piety under Hepliaklqana
  6604 | D:9      | Reached skill level 1 in Evocations
  6633 | D:9      | Found a runed translucent gate.
  6633 | D:9      | Found a runed translucent gate.
  6633 | D:9      | Found a runed translucent gate.
  6669 | D:9      | Noticed Carbaradys's ghost (novice DsWn)
  6680 | D:9      | Reached skill level 5 in Polearms
  6698 | D:9      | Killed Carbaradys's ghost
  6698 | D:9      | Gained mutation: You are mostly covered in sharp spines.
                  | [demonic ancestry]
  6698 | D:9      | Reached XP level 10. HP: 43/68 MP: 7/10
  6699 | D:9      | Noticed a two-headed ogre
  6703 | D:9      | Got the ring "Xydwimol" {Fire}
  6712 | D:9      | Identified the ring "Xydwimol" {Fire rPois Int+4 Dex-4}
                  | (You found it on level 9 of the Dungeon)
  6895 | D:9      | Reached skill level 6 in Polearms
  7116 | D:9      | Found a sparkling altar of Nemelex Xobeh.
  7729 | D:9      | Killed a two-headed ogre
  7729 | D:9      | Reached skill level 7 in Polearms
  8089 | D:8      | Found Arateana's Book Shop.
  8157 | D:8      | Reached ***** piety under Hepliaklqana
  8191 | D:8      | Found a shimmering altar of Xom.
  8307 | D:8      | Reached skill level 8 in Polearms
  8321 | D:8      | Found a sand-covered staircase.
  8354 | D:8      | Noticed a two-headed ogre
  8365 | D:8      | Killed a two-headed ogre
  8365 | D:8      | Reached XP level 11. HP: 37/75 MP: 8/11
  8512 | Ossuary  | Entered an ossuary
  9363 | D:7      | Got a smoking scale mail
  9379 | D:7      | Identified the +2 scale mail of Cocytus {rCorr} (You found
                  | it on level 7 of the Dungeon)
  9409 | D:7      | Reached skill level 9 in Polearms
 10095 | D:6      | Noticed Eustachio
 10107 | D:6      | Killed Eustachio
 10682 | D:10     | Entered Level 10 of the Dungeon
 10736 | D:10     | Noticed a two-headed ogre
 10744 | D:10     | Killed a two-headed ogre
 10828 | D:10     | Noticed Joseph
 10841 | D:10     | Killed Joseph
 10844 | D:10     | Killed an unseen horror
 11020 | D:10     | Noticed a two-headed ogre
 11029 | D:10     | Killed a two-headed ogre
 11029 | D:10     | Reached skill level 10 in Polearms
 11039 | D:10     | Killed an unseen horror
 11186 | D:10     | Found a hide-covered altar of Uskayaw.
 11210 | D:10     | Reached ****** piety under Hepliaklqana
 11244 | D:10     | Killed an unseen horror
 11641 | D:11     | Noticed a two-headed ogre
 11647 | D:11     | Noticed a purple ugly thing
 11659 | D:11     | Killed a purple ugly thing
 11666 | D:11     | Killed a two-headed ogre
 11666 | D:11     | Gained mutation: You have very sharp fingernails. [demonic
                  | ancestry]
 11666 | D:11     | Reached XP level 12. HP: 57/82 MP: 8/12
 12066 | D:11     | Found a staircase to the Lair.
 12473 | Lair:1   | Entered Level 1 of the Lair of Beasts
 12653 | Lair:1   | Reached skill level 11 in Polearms
 14093 | Lair:2   | Found a staircase to the Swamp.
 14621 | Lair:3   | Reached skill level 12 in Polearms
 14637 | Lair:3   | Gained mutation: You have claws for feet. [demonic
                  | ancestry]
 14637 | Lair:3   | Reached XP level 13. HP: 24/91 MP: 4/13
 15937 | Lair:4   | Found a frozen archway.
 15950 | Lair:4   | Reached skill level 10 in Fighting
 15977 | IceCv    | Entered an ice cave
 16367 | IceCv    | Reached skill level 10 in Armour
 16469 | IceCv    | Noticed a frost giant
 16489 | IceCv    | Killed a frost giant
 17306 | Lair:4   | Reached skill level 13 in Polearms
 17311 | Lair:4   | Found a staircase to the Snake Pit.
 17801 | Snake:1  | Entered Level 1 of the Snake Pit
 18801 | Snake:1  | Found Goligaurph's Jewellery Shoppe.
 18802 | Snake:1  | Found Enuewi's Gadget Shop.
 18803 | Snake:1  | Found Qiyq Hou's Jewellery Shoppe.
 18824 | Snake:1  | Bought a +2 ring of strength for 135 gold pieces
 18830 | Snake:1  | Bought a +3 ring of dexterity for 219 gold pieces
 18830 | Snake:1  | Bought an uncursed amulet of harm for 420 gold pieces
 20151 | Snake:1  | Reached XP level 14. HP: 77/99 MP: 11/14
 20980 | Snake:2  | Found a runed translucent gate.
 20980 | Snake:2  | Found a runed translucent gate.
 20980 | Snake:2  | Found a runed translucent gate.
 21566 | Snake:2  | Reached skill level 14 in Polearms
 23510 | Lair:5   | Reached skill level 5 in Stealth
 24349 | Lair:6   | Entered Level 6 of the Lair of Beasts
 25027 | Lair:6   | Reached XP level 15. HP: 108/108 MP: 16/16
 25870 | Lair:6   | Found a staircase to the Slime Pits.
 26316 | Lair:6   | Reached skill level 5 in Dodging
 27326 | Slime:1  | Entered Level 1 of the Pits of Slime
 27326 | Slime:1  | Noticed an acid blob
 27332 | Slime:1  | Killed an acid blob
 27340 | Slime:1  | Noticed an acid blob
 27368 | Slime:1  | Noticed an acid blob
 27389 | Slime:1  | Killed from afar by an ice dragon

Levels and vault maps discovered:
D:1:      dpeg_arrival_court, layout_loops_corners, minmay_door_square,
          minivault_4, hex_large
D:2:      layout_basic, gammafunk_temple_overflow_wave
D:3:      layout_basic, first_ration, chequers_serial_rivers_small_3,
          minmay_misc_feat_five, nicolae_qazlal_eye_of_the_storm, uniq_terence
D:4:      layout_cave_pools, cheibrodos_ashenzari_chains, minmay_misc_feat_x,
          patterned_corridor
D:5:      layout_cave_pools, lemuel_doored_altar, serial_gnoll_camp,
          grums_kennel, gnoll_camp_huts_basic, gnoll_camp_mini_hut,
          gnoll_camp_mini_doghouse, gnoll_camp_mini_loothouse, uniq_menkaure,
          uniq_prince_ribbit1
D:6:      black_bear_nest_1, layout_layer_cave, vehumet_crystals,
          kennysheep_mini, minmay_temple_entry_large_hall,
          gammafunk_ghost_stat_death, portal_sewer_entry_b, serial_shops, shop,
          uniq_eustachio
D:7:      layout_cave_pods, grunt_livestock, eino_jars
D:8:      layout_cave_pools, nicolae_overflow_crystal_walls, serial_shops, shop,
          enter_ossuary_4
D:9:      layout_stronghold, kennysheep_mini_moat, gammafunk_ghost_icy,
          serial_park_tiny_2
D:10:     layout_long_grid, basic_altar, kennysheep_generic_room_12, uniq_joseph
D:11:     layout_cave_pools, erik_lair_island, minmay_misc_feat_alley
Temple:   cyrus_circular_temple
Lair:1:   layout_loops_ring, st_stairs_12
Lair:2:   layout_cave_pods, minmay_swamp_entry_worms
Lair:3:   layout_long_grid
Lair:4:   layout_roguey, minmay_snake_entry_six_corridors,
          portal_ice_cave_demonic_guard
Lair:5:   layout_cave_pods, lemuel_fruit_fields
Lair:6:   minmay_lair_end_frog_pond, layout_gridlike,
          minmay_slime_entry_oklob_open
Snake:1:  layout_layer_cave, guppyfry_snake_island, minmay_shop_grove,
          serial_bayou_shore_b, grunt_megastairs_3
Snake:2:  layout_cave_shapes, st_stairs_8, nicolae_snake_horde_hoard
Slime:1:  layout_caves, cheibrodos_slime_lost_civilization_5

Skill      XL: |  1  2  3  4  5  6  7  8  9 10 11 12 13 14 15 |
---------------+----------------------------------------------+-----
Axes           | 3 4 5 6 8 9 |  9.3
Dodging        | 3 4 5 |  5.0
Armour         | 1 2 3 4 6 7 8 9 10 11 12 | 12.2
Fighting       | 3 4 5 6 7 8 9 10 12 | 12.9
Stealth        | 1 2 3 4 5 6 |  6.0
Polearms       | 5 8 10 12 13 14 | 14.7
Evocations     | 1 2 |  2.8
Throwing       | 2 3 |  3.4
Invocations    | |  0.6

Action                   |  1- 3 |  4- 6 |  7- 9 | 10-12 | 13-15 || total
-------------------------+-------+-------+-------+-------+-------++-------
Melee: War axe           |   109 |    89 |   106 |       |       ||   304
       Kick              |     7 |    28 |    76 |   174 |   347 ||   632
       Halberd           |       |       |   118 |   521 |   727 ||  1366
       Spear             |       |       |       |    32 |    92 ||   124
Throw: Throwing net      |       |       |     1 |       |       ||     1
       Dart              |       |       |       |    12 |    50 ||    62
Invok: Ancestor Identity |     1 |     1 |       |       |       ||     2
       Ancestor Life: He |       |       |     1 |       |       ||     1
       Recall Ancestor   |       |       |     1 |     1 |     2 ||     4
       Idealise          |       |       |       |       |     1 ||     1
       Transference      |       |       |       |       |     1 ||     1
Evoke: Wand              |       |       |     9 |       |    49 ||    58
  Use: Scroll            |       |     8 |     6 |    13 |    16 ||    43
       Potion            |       |       |     1 |    15 |    21 ||    37
 Stab: Sleeping          |     1 |     1 |       |       |       ||     2
       Distracted        |       |       |     4 |     8 |    12 ||    24
       Confused          |       |       |     1 |     4 |    12 ||    17
       Paralysed         |       |       |       |       |     3 ||     3
  Eat: Ration            |     1 |     2 |     3 |     8 |    11 ||    25
       Chunk             |       |       |       |       |     2 ||     2
Armor: Leather armour    |    35 |     3 |       |       |       ||    38
       Chain mail        |       |    33 |   160 |   345 |   449 ||   987
       Scale mail        |       |       |       |    62 |     2 ||    64
Dodge: Dodged            |    79 |    41 |   107 |   237 |   363 ||   827
